 Dungeon Crawl Stone Soup version 0.29.1-15-g9cfb28693d (webtiles) character file.

Game seed: 4770511920860264772

155 hawla the Slasher (level 5, -6/47 HPs)
             Began as a Hill Orc Monk on Mar 4, 2023.
             Mangled by Menkaure (15 damage)
             ... on level 4 of the Dungeon.
             The game lasted 00:07:47 (3768 turns).

hawla the Slasher (Hill Orc Monk)                   Turns: 3768, Time: 00:07:48

Health: -6/47      AC:  2    Str: 17    XL:     5   Next: 37%
Magic:  0/6        EV: 17    Int: 12    God:
Gold:   187        SH:  0    Dex: 17    Spells: 2/5 levels left

rFire   + . .      SeeInvis .   a - +0 falchion
rCold   + . .      Faith    .   (no shield)
rNeg    . . .      Spirit   .   v - +0 robe "Luhub" {rCorr Str+3 Dex+4}
rPois   +          Reflect  .   (no helmet)
rElec   +          Harm     .   (no cloak)
rCorr   +          Rampage  .   (no gloves)
Will    .....                   (no boots)
Stlth   ++........              (no amulet)
HPRegen 0.15/turn               f - +4 ring of evasion
MPRegen 0.10/turn               (no ring)

@: resistant, very slightly contaminated, hasted, very quick
A: no striking features
a: no special abilities


You were on level 4 of the Dungeon.
You visited 1 branch of the dungeon, and saw 4 of its levels.

You collected 187 gold pieces.

Inventory:

Hand Weapons
 a - a +0 falchion (weapon)
Missiles
 h - 2 throwing nets (quivered)
 s - 6 poisoned darts
Armour
 v - the +0 robe "Luhub" (worn) {rCorr Str+3 Dex+4}
   (You found it on level 4 of the Dungeon)

   Str:       It affects your strength (+3).
   Dex:       It affects your dexterity (+4).
   rCorr:     It protects you from acid and corrosion.
Jewellery
 f - a +4 ring of evasion (left hand)
Scrolls
 c - a scroll of immolation {unknown}
 d - a scroll of teleportation
 g - 2 scrolls of vulnerability {unknown}
 i - 2 scrolls of identify {unknown}
 j - 2 scrolls of poison {unknown}
 p - 3 scrolls of enchant armour {unknown}
 q - a scroll of magic mapping {unknown}
 r - 3 scrolls of fear {unknown}
 u - a scroll of enchant weapon {unknown}
Potions
 m - a potion of heal wounds {unknown}
 n - a potion of mutation {unknown}
 o - 2 potions of attraction {unknown}
 t - 2 potions of flight


   Skills:
 - Level 4.5 Fighting
 - Level 4.5 Long Blades
 - Level 3.0 Dodging
 - Level 1.9 Stealth
 + Level 0.7 Spellcasting
 + Level 1.4 Summonings


You had 2 spell levels left.
You knew the following spells:

 Your Spells              Type           Power      Damage    Failure   Level
a - Call Canine Familiar  Summ           3%         N/A       45%         3

Your spell library contained the following spells:

 Spells                   Type           Power      Damage    Failure   Level
 Summon Small Mammal      Summ           12%        N/A       17%         1
 Summon Guardian Golem    Hex/Summ       2%         N/A       56%         3
 Dazzling Flash           Conj/Hex       0%         N/A       67%         3
 Agony                    Necr           0%         N/A       100%        5
 Silence                  Hex/Air        0%         N/A       100%        5


Dungeon Overview and Level Annotations

Branches:
Dungeon (4/15)
 Temple: D:4-7

Altars:

Annotations:
D:4 Menkaure


Message History

You finish putting on the +0 robe "Luhub" {rCorr Str+3 Dex+4}.
You feel stronger.
You feel agile.
You drop a +0 robe.
Your hound disappears in a puff of smoke!
Found a stone staircase leading up.
Found a stone staircase leading down.
You open the door.
There is an open door here.
Found 5 stones.
Menkaure, Prince of Dust comes into view.
Menkaure shouts!
Casting: Call Canine Familiar (quite dangerous; 45% risk of failure)
Confirm with . or Enter, or press ? or * to list all spells.
The spell is quite dangerous to miscast (45% risk of failure)!
Continue anyway?
You miscast Call Canine Familiar.
You are very lightly contaminated with residual magic.
Nothing appears to happen.
Menkaure gestures wildly while chanting.
Menkaure seems to speed up.
Casting: Call Canine Familiar (quite dangerous; 45% risk of failure)
Confirm with . or Enter, or press ? or * to list all spells.
The spell is quite dangerous to miscast (45% risk of failure)!
Continue anyway?
You miscast Call Canine Familiar.
Nothing appears to happen.
Menkaure calls on the powers of darkness!
Your body is wracked with pain!
Menkaure breathes soot at you.
Menkaure calls on the powers of darkness!
Your body is wracked with pain!
* * * LOW HITPOINT WARNING * * *
You hit Menkaure.
Menkaure is moderately damaged.
Menkaure completely misses you. Menkaure hits you!
* * * LOW HITPOINT WARNING * * *
Unknown command.
It was a potion of curing.
You feel better. Menkaure barely misses you.
It was a potion of resistance.
You feel protected. Menkaure closely misses you.
It was a potion of haste.
You feel yourself speed up. Menkaure hits you!
You die...

#.....#........#............#
+.....#........#............+
#.....#'####...##..<........#
#.......###...##############
#.......#.....#.......
#.......#.....#.......
#.......#.....#.......
#.......#######!......
####+#........@M......
#................
#................
#.........#####.. #(........#
. ###########


You could see Menkaure (fast).

Vanquished Creatures
  7 adders
  2 worms (D:2)
  A dart slug (D:1)
  An orc (D:3)
  2 bats
  4 endoplasms
  3 giant cockroaches
  9 goblins
  6 hobgoblins
  2 jackals (D:1)
  6 quokkas
  5 ball pythons
  2 frilled lizards
  4 kobolds
  5 rats
59 creatures vanquished.

Vanquished Creatures (collateral kills)
  2 adders (D:3)
  A ball python (D:4)
  A goblin (D:4)
4 creatures vanquished.

Grand Total: 63 creatures vanquished

Notes
Turn   | Place    | Note
-------+----------+-------------------------------------------
     0 | D:1      | hawla the Hill Orc Monk began the quest for the Orb.
     0 | D:1      | Reached XP level 1. HP: 19/19 MP: 1/1
   358 | D:1      | Reached XP level 2. HP: 22/27 MP: 2/2
   578 | D:1      | Found a faded altar of an unknown god.
   924 | D:1      | Reached XP level 3. HP: 10/33 MP: 3/3
  1932 | D:2      | Reached XP level 4. HP: 39/41 MP: 4/4
  2529 | D:2      | Learned a level 3 spell: Call Canine Familiar
  2714 | D:3      | Reached XP level 5. HP: 33/47 MP: 5/5
  2884 | D:3      | Reached skill level 1 in Summonings
  3397 | D:3      | Noticed a nameless horror
  3697 | D:4      | Identified the +0 robe "Luhub" {rCorr Str+3 Dex+4}
  3759 | D:4      | Noticed Menkaure
  3765 | D:4      | HP: 1/47 [Menkaure (13)]
  3768 | D:4      | Mangled by Menkaure

Illustrated notes

Levels and vault maps discovered:
D:1:      reono_arrival_forest_river, layout_loops_ring,
          ebering_ecumenical_altar_rust, st_stairs_8
D:2:      layout_rooms, minmay_joined_circles
D:3:      layout_basic, amcnicky_mini_pool_small
D:4:      layout_gridville, uniq_menkaure, uniq_sigmund

Skill      XL: |  1  2  3  4  5 |
---------------+----------------+-----
Fighting       | 4 |  4.5
Long Blades    | 4 |  4.5
Dodging        | 3 |  3.0
Summonings     | 1 |  1.4
Stealth        | |  1.9
Spellcasting   | |  0.7

Action                   |  1- 3 |  4- 6 || total
-------------------------+-------+-------++-------
Melee: Falchion          |    99 |   112 ||   211
       Punch             |     1 |     1 ||     2
 Cast: Call Canine Famil |       |     5 ||     5
  Use: Potion            |     2 |     3 ||     5
       Scroll            |       |     1 ||     1
 Stab: Sleeping          |     4 |     2 ||     6
Armor: Robe              |     9 |    13 ||    22
Dodge: Dodged            |    50 |    92 ||   142
